 Dungeon Crawl Stone Soup version 0.28.0-43-g3370ac3207 (webtiles) character file.

Game seed: 15175856827773790571

372 adizb the Skirmisher (level 6, -10/45 HPs)
             Began as a Demonspawn Fighter on Mar 10, 2022.
             Was an Initiate of Qazlal.
             Mangled by an ogre
             ... wielding a +0 giant club
              (23 damage)
             ... on level 4 of the Dungeon.
             The game lasted 00:16:02 (3064 turns).

adizb the Skirmisher (Demonspawn Fighter)           Turns: 3064, Time: 00:16:03

Health: -10/45     AC: 13    Str: 18    XL:     6   Next: 43%
Magic:  6/6        EV:  7    Int:  9    God:    Qazlal [......]
Gold:   120        SH:  4    Dex: 13    Spells: 5/5 levels left

rFire   + . .      SeeInvis +   e - +1 war axe (flame)
rCold   + . .      Faith    .   c - +0 buckler
rNeg    . . .      Spirit   .   p - +0 chain mail
rPois   +          Reflect  .   f - +1 helmet
rElec   .          Harm     .   (no cloak)
rCorr   .          Rampage  .   (no gloves)
Will    .....                   (no boots)
Stlth   ..........              (no amulet)
HPRegen 0.15/turn               (no ring)
MPRegen 0.10/turn               (no ring)

@: mighty
A: claws 1, thin metallic scales 1, powered by death 1, see invisible, cold
resistance 1, fire resistance 1, frail 1, poison resistance
a: Renounce Religion


You were on level 4 of the Dungeon.
You worshipped Qazlal.
Qazlal was noncommittal.
You visited 1 branch of the dungeon, and saw 5 of its levels.

You collected 120 gold pieces.

Inventory:

Hand Weapons
 a - a +0 long sword
 e - a +1 war axe of flaming (weapon)
 j - a +0 dagger of venom
Armour
 b - a +0 scale mail
 c - a +0 buckler (worn)
 f - a +1 helmet (worn)
 p - a +0 chain mail (worn)
Jewellery
 i - a ring of wizardry
Scrolls
 h - a scroll of fear
 k - a scroll of enchant armour
 l - 2 scrolls of teleportation {unknown}
 n - a scroll of amnesia
Potions
 g - a potion of brilliance {unknown}
 o - a potion of attraction
 q - 2 potions of mutation


   Skills:
 * Level 4.8 Fighting
 - Level 1.7 Long Blades
 + Level 2.0 Axes
 * Level 4.4 Armour
 + Level 1.5 Dodging
 - Level 3.1 Shields


You had 5 spell levels left.
You didn't know any spells.
Your spell library contained the following spells:

 Spells                   Type           Power      Damage    Failure   Level
 Frozen Ramparts          Ice            0%         1d2       100%        3
 Ice Form                 Ice/Tmut       0%         N/A       100%        4
 Summon Ice Beast         Ice/Summ       0%         N/A       100%        4


Dungeon Overview and Level Annotations

Branches:
Dungeon (5/15)
 Temple: D:4-7

Altars:
Cheibriados
Dithmenos
Kikubaaqudgha
Nemelex Xobeh
Qazlal
Sif Muna
Uskayaw
Wu Jian
Zin

Annotations:
D:5 Ijyb, Sigmund


Innate Abilities, Weirdness & Mutations

You have sharp fingernails.
You are partially covered in thin metallic scales. (AC +2)
You regenerate a little health from kills.
You have supernaturally acute eyesight. (SInv)
Your flesh is cold resistant. (rC+)
Your flesh is heat resistant. (rF+)
You are frail. (-10% HP)
Your system is resistant to poisons. (rPois)


Message History

There is a stone staircase leading down here.
Okay, then.
As you read the scroll of fear, it crumbles to dust.
You assume a fearsome visage.
The ogre looks frightened!
The hound looks frightened!
You strike the helpless ogre from behind!
You hit the ogre. You burn the ogre.
Your attack snaps the ogre out of its fear.
The ogre is almost dead.
A hound is nearby!
You hit the hound. You burn the hound.
The hound is moderately wounded.
The hound bites you.
* * * LOW HITPOINT WARNING * * *
The hound bites you but does no damage.
You slash the hound! You burn the hound.
You kill the hound!
Qazlal accepts your kill.
There is a stone staircase leading up here.
You start resting.
HP restored.
You see here 12 arrows.
Things that are here:
a +0 robe; a +0 dagger An ogre is nearby!
The ogre hits you with a +0 giant club!!
You hit the ogre. You burn the ogre.
The ogre is lightly wounded.
The ogre hits you with a +0 giant club!
You hit the ogre. You burn the ogre.
The ogre is moderately wounded.
You block the ogre's attack.
You feel very mighty all of a sudden. The ogre hits you with a +0 giant club.
* * * LOW HITPOINT WARNING * * *
You barely miss the ogre.
The ogre is moderately wounded.
The ogre hits you with a +0 giant club!!
Ouch! That really hurt!
You die...

#..#####.[[...##### ####.......
#...##....[.#.^########....#..###
#.#.....................#####.#
....##...........######## ##.###
.##....(.......(.##....# #.....
.(...........#.#.......# ##.....
......>......#.........# #......
..............####....### #......
........#..#....@O......###......
#............#####...)#..........
.........##...# #.....###.......
..........#...# ##.....(.........
#.............###.......#..#.....
#......##..................#.....
......###...................#.#..
##..#.# ####............>.......#
#..#.# #...###......##<.....#


You could see an ogre.

Vanquished Creatures
  A black bear (D:4)
  2 hounds
  3 orc wizards (D:4)
  2 adders (D:3)
  An ufetubus (D:4)
  An adder skeleton (D:4)
  2 worms
  A dart slug (D:1)
  4 orcs
  8 bats
  An endoplasm (D:2)
  4 giant cockroaches
  12 goblins
  3 hobgoblins
  A quokka (D:1)
  7 ball pythons
  3 frilled lizards
  5 kobolds
  3 rats
64 creatures vanquished.

Vanquished Creatures (collateral kills)
  The ghost of tizbic2 the Conjurer, a weakling OgWn of Jiyva (D:3)
1 creature vanquished.

Grand Total: 65 creatures vanquished

Notes
Turn   | Place    | Note
-------+----------+-------------------------------------------
     0 | D:1      | adizb the Demonspawn Fighter began the quest for the Orb.
     0 | D:1      | Reached XP level 1. HP: 18/18 MP: 1/1
   272 | D:1      | Gained mutation: You regenerate a little health from kills.
                  | [demonic ancestry]
   272 | D:1      | Reached XP level 2. HP: 24/24 MP: 2/2
   947 | D:1      | Gained mutation: You have supernaturally acute eyesight.
                  | (SInv) [potion of mutation]
   947 | D:1      | Gained mutation: Your flesh is heat resistant. (rF+)
                  | [potion of mutation]
   947 | D:1      | Gained mutation: You are frail. (-10% HP) [potion of
                  | mutation]
   947 | D:1      | Gained mutation: You have hidden genetic potential. [potion
                  | of mutation]
   956 | D:2      | Reached XP level 3. HP: 20/26 MP: 3/3
  1184 | D:2      | Found a faded altar of an unknown god.
  1310 | D:2      | Gained mutation: Your system is resistant to poisons.
                  | (rPois) [hidden potential]
  1654 | D:3      | Found a runed translucent door.
  1654 | D:3      | Noticed tizbic2's ghost (weakling OgWn)
  1812 | D:3      | Reached skill level 1 in Axes
  1816 | D:3      | Gained mutation: You have sharp fingernails. [demonic
                  | ancestry]
  1816 | D:3      | Reached XP level 4. HP: 33/33 MP: 4/4
  2019 | D:3      | Gained mutation: Your flesh is cold resistant. (rC+)
                  | [hidden potential]
  2019 | D:3      | Lost mutation: You have hidden genetic potential. [hidden
                  | potential expressed]
  2121 | D:3      | Killed tizbic2's ghost
  2122 | D:3      | Reached XP level 5. HP: 15/37 MP: 5/5
  2343 | D:4      | Noticed a black bear
  2368 | D:4      | Killed a black bear
  2369 | D:4      | Reached skill level 1 in Dodging
  2389 | D:4      | Gained mutation: You are partially covered in thin metallic
                  | scales. (AC +2) [demonic ancestry]
  2389 | D:4      | Reached XP level 6. HP: 44/44 MP: 6/6
  2634 | D:4      | Found a stormy altar of Qazlal.
  2634 | D:4      | Found a sparkling altar of Nemelex Xobeh.
  2636 | D:4      | Found a shadowy altar of Dithmenos.
  2636 | D:4      | Found an ancient bone altar of Kikubaaqudgha.
  2636 | D:4      | Found a snail-covered altar of Cheibriados.
  2638 | D:4      | Found a hide-covered altar of Uskayaw.
  2638 | D:4      | Found an ornate altar of the Wu Jian Council.
  2638 | D:4      | Found a shimmering blue altar of Sif Muna.
  2646 | D:4      | Became a worshipper of Qazlal Stormbringer
  2665 | D:5      | Entered Level 5 of the Dungeon
  2667 | D:5      | Noticed Sigmund
  2674 | D:5      | Noticed Ijyb
  3064 | D:4      | Mangled by an ogre

Illustrated notes

Levels and vault maps discovered:
D:1:      doesnt_arrival_eight_statues, layout_basic
D:2:      layout_basic, shapermc_ecumenical_altar_starsandcircs
D:3:      layout_basic, hellmonk_ghost_happy_afterlife, grunt_decor_arrowhead
D:4:      layout_rooms, nicolae_overflows_in_rows
D:5:      layout_gridville, grunt_ministairs_6, uniq_sigmund, uniq_ijyb

Skill      XL: |  1  2  3  4  5  6 |
---------------+-------------------+-----
Armour         | 3 4 |  4.4
Shields        | 3 |  3.1
Axes           | 1 2 |  2.0
Fighting       | 4 |  4.8
Dodging        | 1 |  1.5
Long Blades    | |  1.7

Action                   |  1- 3 |  4- 6 || total
-------------------------+-------+-------++-------
Melee: War axe           |   119 |    57 ||   176
       Long sword        |     5 |       ||     5
  Use: Potion            |     1 |     7 ||     8
       Scroll            |     7 |     3 ||    10
 Stab: Fleeing           |       |     1 ||     1
Armor: Scale mail        |    83 |       ||    83
       Chain mail        |     6 |    50 ||    56
Dodge: Dodged            |    71 |    18 ||    89
Block: Buckler           |    34 |    22 ||    56
